 Dungeon Crawl Stone Soup version 0.22.0-34-g4f65f92 (webtiles) character file.

1895 shmeve the Skirmisher (level 8, -4/74 HPs)
             Began as a Minotaur Berserker on Aug 23, 2018.
             Was an Elder of Trog.
             Killed from afar by an electric eel (13 damage)
             ... with a bolt of electricity
             ... on level 6 of the Dungeon on Aug 24, 2018.
             The game lasted 00:14:20 (5752 turns).

shmeve the Skirmisher (Minotaur Berserker)          Turns: 5752, Time: 00:14:20

Health: -4/74      AC: 14    Str: 23    XL:     8   Next: 93%
Magic:  7/7        EV: 14    Int:  4    God:    Trog [****..]
Gold:   447        SH:  0    Dex: 11    Spells: 7/7 levels left

rFire    . . .     SeeInvis .   v - +0 war axe
rCold    . . .     Gourm    .   (no shield)
rNeg     . . .     Faith    .   h - +1 plate armour
rPois    .         Spirit   .   (helmet restricted)
rElec    .         Reflect  .   r - +0 cloak
rCorr    .         Harm     .   (no gloves)
MR       ++...                  (no boots)
Stlth    ..........             (no amulet)
HPRegen  1.22/turn              x - +4 ring of evasion
MPRegen  0.10/turn              o - +2 ring of evasion

@: regenerating, very slow
A: retaliatory headbutt, horns 2
a: Berserk, Trog's Hand, Brothers in Arms, Renounce Religion


You were on level 6 of the Dungeon.
You worshipped Trog.
Trog was greatly pleased with you.
You were not hungry.

You visited 2 branches of the dungeon, and saw 7 of its levels.

You collected 447 gold pieces.

Inventory:

Hand Weapons
 v - a +0 war axe (weapon)
Missiles
 s - 5 javelins (quivered)
 B - 3 javelins of penetration
Armour
 h - a +1 plate armour (worn)
 r - a +0 cloak (worn)
Jewellery
 f - an uncursed ring of flight
 o - a +2 ring of evasion (right hand)
 u - an uncursed ring of protection from magic
 x - a +4 ring of evasion (left hand)
Wands
 w - a wand of polymorph (17)
Scrolls
 a - a scroll of blinking {unknown}
 b - 3 scrolls of enchant armour
 e - 3 scrolls of teleportation
 g - 7 scrolls of identify
 l - 2 scrolls of enchant weapon {unknown}
 p - 3 scrolls of remove curse
 t - 2 scrolls of fog {unknown}
 y - 2 scrolls of magic mapping {unknown}
 z - a scroll of brand weapon {unknown}
 A - a scroll of holy word {unknown}
Potions
 d - a potion of curing {unknown}
 i - a potion of flight
 j - a potion of degeneration {unknown}
 k - 2 potions of heal wounds
 m - a potion of might {unknown}
 n - a potion of resistance {unknown}
 q - a potion of agility
Comestibles
 c - 12 rations


   Skills:
 * Level 7.9 Fighting
 * Level 7.9 Axes
 * Level 5.6 Throwing
 + Level 5.3 Armour
 + Level 4.7 Dodging


You had 7 spell levels left.
You didn't know any spells.
Your spell library was empty.

Dungeon Overview and Level Annotations

Branches:
Dungeon (6/15)             Temple (1/1) D:4

Altars:
Ashenzari
Cheibriados
Elyvilon
Fedhas
Gozag
Kikubaaqudgha
Makhleb
Nemelex Xobeh
Okawaru
Qazlal
Ru
Sif Muna
Trog
Uskayaw
Vehumet
Wu Jian
Xom
Yredelemnul
Zin
The Shining One

Shops:
D:6 :


Innate Abilities, Weirdness & Mutations

You reflexively headbutt those who attack you in melee.
You have a pair of horns on your head.


Message History

You closely miss the electric eel. Your headbutt misses the electric eel.
The electric eel is severely wounded.
The electric eel shoots out a bolt of lightning at you!
The bolt of electricity hits you!
The electric eel shoots out a bolt of lightning at you!
The bolt of electricity hits you!
* * * LOW HITPOINT WARNING * * *
The electric eel shoots out a bolt of lightning at you!
The bolt of electricity hits you!
* * * LOW HITPOINT WARNING * * *
Why would you want to do that?
The electric eel shoots out a bolt of lightning at you!
The bolt of electricity hits you!
* * * LOW HITPOINT WARNING * * *
Your skin crawls.
You feel resistant to hostile enchantments.
You feel somewhat more hungry.
The electric eel shoots out a bolt of lightning at you!
The bolt of electricity hits you!
You die...

#.######.###
#..........##
#.########..# #.#
##.##
##.########...#######
..........(.........#
.....).((.(.........#
.≈.≈.≈.≈≈..≈.≈≈.≈≈≈≈#
≈≈≈≈≈≈≈≈≈≈≈≈≈≈≈≈@≈≈≈#
≈≈≈≈≈≈≈≈≈≈≈≈≈≈≈≈;≈≈≈#
≈≈≈≈≈≈#####≈≈≈≈≈≈≈≈≈#
#######...#≈≈≈≈≈≈≈≈≈#
((..((#...#≈≈≈≈≈≈≈≈≈#
....()#)))#≈≈≈≈≈≈≈≈≈#
..)..)##'##≈≈≈≈≈≈≈≈##
###......#≈≈≈≈≈≈≈≈≈#
#......#≈≈≈≈≈≈≈≈≈#


You could see an electric eel.

Vanquished Creatures
  Sigmund (D:5)
  A water moccasin (D:6)
  2 black bears (D:6)
  3 phantoms
  An ogre (D:5)
  2 centaurs (D:6)
  3 big kobolds (D:6)
  A water moccasin skeleton (D:4)
  A scorpion (D:4)
  2 electric eels (D:6)
  A crimson imp (D:6)
  A bullfrog zombie (D:5)
  4 hounds
  3 orc wizards
  A bullfrog skeleton (D:6)
  A worker ant (D:5)
  2 gnolls (D:6)
  8 adders
  An ooze (D:1)
  An adder skeleton (D:4)
  2 worms
  A dart slug (D:1)
  A leopard gecko (D:6)
  11 orcs
  2 ball pythons
  5 bats
  3 giant cockroaches (D:3)
  10 hobgoblins
  A quokka (D:5)
  4 frilled lizards
  5 goblins
  55 kobolds
  6 rats
146 creatures vanquished.

Vanquished Creatures (others)
  An adder (D:6)
1 creature vanquished.

Grand Total: 147 creatures vanquished

Notes
Turn   | Place    | Note
-------+----------+-------------------------------------------
     0 | D:1      | shmeve the Minotaur Berserker began the quest for the Orb.
     0 | D:1      | Reached XP level 1. HP: 19/19 MP: 0/0
   184 | D:1      | Reached XP level 2. HP: 24/27 MP: 1/1
   460 | D:1      | Reached skill level 1 in Throwing
   866 | D:2      | Found a glowing golden altar of the Shining One.
  1350 | D:2      | Reached XP level 3. HP: 32/33 MP: 2/2
  1601 | D:2      | Reached ** piety under Trog
  1997 | D:3      | Reached XP level 4. HP: 40/41 MP: 3/3
  2330 | D:3      | Found a deep blue altar of Sif Muna.
  2480 | D:4      | Found a staircase to the Ecumenical Temple.
  2483 | D:4      | Noticed a phantom
  2504 | D:4      | Killed a phantom
  2504 | D:4      | Reached skill level 5 in Fighting
  2504 | D:4      | Reached XP level 5. HP: 27/48 MP: 4/4
  2517 | Temple   | Entered the Ecumenical Temple
  2815 | D:4      | Reached skill level 5 in Axes
  2816 | D:4      | Noticed a phantom
  2879 | D:4      | Killed a phantom
  2879 | D:4      | Reached XP level 6. HP: 44/56 MP: 5/5
  2999 | D:4      | Found a bloodstained altar of Trog.
  3061 | D:4      | Found an opulent altar of Gozag.
  3506 | D:5      | Entered Level 5 of the Dungeon
  3652 | D:5      | Reached XP level 7. HP: 53/62 MP: 6/6
  3697 | D:5      | Noticed Sigmund
  3706 | D:5      | Killed Sigmund
  3902 | D:5      | Found a blossoming altar of Fedhas.
  3902 | D:5      | Found an ancient bone altar of Kikubaaqudgha.
  4047 | D:5      | Reached *** piety under Trog
  4086 | D:5      | Found a faded altar of an unknown god.
  4086 | D:5      | Found a faded altar of an unknown god.
  4091 | D:5      | Found a hide-covered altar of Uskayaw.
  4093 | D:5      | Found a basalt altar of Yredelemnul.
  4095 | D:5      | Found a stormy altar of Qazlal.
  4278 | D:6      | Found a glowing silver altar of Zin.
  4294 | D:6      | Reached XP level 8. HP: 60/71 MP: 7/7
  4323 | D:6      | Found Emesh's Book Shoppe.
  4574 | D:6      | Reached skill level 5 in Throwing
  4854 | D:6      | Reached skill level 5 in Armour
  4878 | D:6      | Found an ornate altar of the Wu Jian Council.
  5365 | D:6      | Reached **** piety under Trog
  5459 | D:6      | Received a gift from Trog
  5752 | D:6      | Killed from afar by an electric eel

Skill      XL: |  1  2  3  4  5  6  7  8 |
---------------+-------------------------+-----
Throwing       | 1 2 3 4 5 |  5.6
Axes           | 4 5 6 7 |  7.9
Fighting       | 4 5 6 7 |  7.9
Armour         | 3 4 5 |  5.3
Dodging        | 3 4 |  4.7

Action                   |  1- 3 |  4- 6 |  7- 9 || total
-------------------------+-------+-------+-------++-------
Melee: Hand axe          |    90 |    86 |       ||   176
       Headbutt          |    10 |    24 |    29 ||    63
       War axe           |       |    10 |   156 ||   166
Throw: Tomahawk          |       |     7 |       ||     7
       Javelin           |       |       |     1 ||     1
Invok: Berserk           |       |       |     3 ||     3
       Trog's Hand       |       |       |     1 ||     1
  Use: Scroll            |     1 |     4 |       ||     5
       Potion            |       |     2 |       ||     2
  Eat: Chunk             |     3 |     2 |    10 ||    15
       Ration            |       |     1 |       ||     1
Armor: Animal skin       |     6 |       |       ||     6
       Plate armour      |    53 |    66 |    80 ||   199
Dodge: Dodged            |    52 |    46 |   160 ||   258
